 Dungeon Crawl Stone Soup version 0.31-a0-859-g9dce7d3444 (webtiles) character file.

Game seed: 15082460524303350825

353 Darius099 the Cleaver (level 6, 0/51 HPs)
             Began as a Minotaur Fighter on Oct 10, 2023.
             Succumbed to an orc's poison
             ... on level 3 of the Dungeon.
             The game lasted 00:07:23 (2388 turns).

Darius099 the Cleaver (Minotaur Fighter)            Turns: 2388, Time: 00:07:23

Health: 0/51       AC:  9    Str: 22    XL:     6   Next: 35%
Magic:  5/5        EV:  8    Int:  5    God:
Gold:   122        SH:  4    Dex: 10    Spells: 5/5 levels left

rFire   . . .        a - +0 war axe
rCold   . . .        c - +0 buckler
rNeg    . . .        n - +0 chain mail
rPois   .            (helmet restricted)
rElec   .            (no cloak)
rCorr   +            (no gloves)
SInv    .            (no boots)
Will    .....        (no amulet) Stlth
                     j - ring of resist corrosion
HPRegen 0.28/turn    (no ring)
MPRegen 0.09/turn

%: no passive effects
@: lethally poisoned (0 -> -15), hasted, very quick
A: horns 2, retaliatory headbutt
a: no special abilities


You were on level 3 of the Dungeon.
You visited 1 branch of the dungeon, and saw 3 of its levels.

You collected 122 gold pieces.

Inventory:

Hand Weapons
 a - a +0 war axe (weapon)
Missiles
 e - 4 curare-tipped darts
Armour
 c - a +0 buckler (worn)
 n - a +0 chain mail (worn)
Jewellery
 j - a ring of resist corrosion (left hand)
Scrolls
 f - a scroll of noise {unknown}
 g - 4 scrolls of fog {unknown}
 h - a scroll of poison {unknown}
 i - 4 scrolls of identify {unknown}
 k - 2 scrolls of teleportation {unknown}
 m - a scroll of brand weapon {unknown}
Potions
 d - 2 potions of might


   Skills:
 - Level 3.6 Fighting
 + Level 8.2 Axes
 - Level 3.6 Armour
 - Level 3.6 Shields


You had 5 spell levels left.
You didn't know any spells.
Your spell library contained the following spells:

 Spells                   Type           Power      Damage    Failure   Level
 Magic Dart               Conj           0%         1d3       99%         1
 Call Imp                 Summ           0%         N/A       99%         2
 Mephitic Cloud           Conj/Pois/Air  0%         N/A       100%        3


Dungeon Overview and Level Annotations

Branches:
Dungeon (3/15)

Altars:
Trog

Shops:
D:2 :

Annotations:
D:3 Kurtz's ghost, weakling NaDe


Innate Abilities, Weirdness & Mutations

You have a pair of horns on your head.
You reflexively headbutt those who attack you in melee.


Message History

You see here a +0 club.
You see here a +0 club.
Things that are here:
a +0 dagger; a +0 robe
Items here: ( )))))) [[.
Kurtz's ghost turns its malevolent gaze towards you.
The orc shouts!
You hear a shout!
The orc shouts! x2
The orc shouts!
The orc shouts!
Found a roughly hewn altar of Beogh.
The orc shouts!
You open the gate. The orc attacks as it pursues you!
The orc hits you with the +10 dagger of Bile {venom, Fly rElec Int-4 Stlth+}!
You are poisoned.
You feel very sick.
You feel sick.
You feel sick.
You feel sick.
You feel sick.
You feel sick.
You feel sick.
You feel sick.
Kurtz's ghost wails.
You feel sick.
You are no longer poisoned.
There is an open door here.
The orc attacks as it pursues you!
The orc hits you with the +10 dagger of Bile {venom, Fly rElec Int-4 Stlth+}!
* * * LOW HITPOINT WARNING * * *
You are lethally poisoned!
You closely miss the orc. You headbutt the orc!
You kill the orc!
* * * LOW HITPOINT WARNING * * *
You feel extremely sick.
It was a potion of haste.
You feel yourself speed up.
* * * LOW HITPOINT WARNING * * *
You feel very sick.
You die...

###### ###### .....#
#....#
.....####....###########
......................>#
.....###############.#.#
.....# #o.@....#.#
.....# #######o#######.#
###### #......o...# #.#
#####....o.....# #.#
####8.##..oo......# ##.#
...#..##..........# #..#
#..#..##..W.......###.##
#..#...........#####..#
#..#...........####..##


You could see 5 orcs.

Vanquished Creatures
  Sigmund (D:2)
  A hound (D:2)
  2 orc wizards (D:3)
  Terence (D:2)
  2 adders (D:3)
  An ufetubus (D:3)
  2 worms
  A dart slug (D:2)
  5 orcs (D:3)
  4 ball pythons
  7 endoplasms
  2 giant cockroaches
  8 goblins
  7 hobgoblins
  2 quokkas
  5 bats
  4 frilled lizards (D:1)
  11 kobolds
  7 rats
73 creatures vanquished.

Notes
Turn   | Place    | Note
-------+----------+-------------------------------------------
     0 | D:1      | Darius099 the Minotaur Fighter began the quest for the Orb.
     0 | D:1      | Reached XP level 1. HP: 19/19 MP: 0/0
   111 | D:1      | Reached skill level 3 in Axes
   264 | D:1      | Reached XP level 2. HP: 20/26 MP: 1/1
   566 | D:1      | Reached skill level 4 in Axes
   836 | D:2      | Reached XP level 3. HP: 28/31 MP: 2/2
   865 | D:2      | Noticed Sigmund
   872 | D:2      | Killed Sigmund
   873 | D:2      | Reached skill level 6 in Axes
   873 | D:2      | Reached XP level 4. HP: 30/39 MP: 3/3
   873 | D:2      | Reached XP level 5. HP: 35/45 MP: 4/4
  1080 | D:2      | Found a bloodstained altar of Trog.
  1089 | D:2      | Reached skill level 7 in Axes
  1358 | D:2      | Noticed Terence
  1365 | D:2      | Killed Terence
  1514 | D:2      | Found Kodavat's Book Shoppe.
  1678 | D:3      | Reached XP level 6. HP: 48/51 MP: 5/5
  1743 | D:3      | Reached skill level 8 in Axes
  1792 | D:3      | Found a runed translucent gate.
  1793 | D:3      | Found a runed translucent gate.
  1794 | D:3      | Found a runed translucent gate.
  1800 | D:3      | Noticed Kurtz's ghost (weakling NaDe)
  1908 | D:3      | Identified the +10 dagger of Bile {venom, Fly rElec Int-4
                  | Stlth+}
  1908 | D:3      | Identified the +2 leather armour of Sloth {Rampage rF-
                  | Slay+2}
  2387 | D:3      | HP: 2/51 [poisoned by an orc]
  2388 | D:3      | Succumbed to an orc's poison

Illustrated notes

Levels and vault maps discovered:
D:1:      dpeg_arrival_rooms_b, layout_basic, minmay_pentomino_v4
D:2:      layout_loops_corners, basic_altar, serial_shops,
          nicolae_shop_gibbet_a_chance, uniq_sigmund, uniq_terence
D:3:      layout_basic, biasface_ghost_orc_armoury, grunt_ministairs_14

Skill      XL: |  1  2  3  4  5  6 |
---------------+-------------------+-----
Axes           | 3 4 6 7 8 |  8.2
Fighting       | |  3.6
Armour         | |  3.6
Shields        | |  3.6

Action                     |  1- 3 |  4- 6 || total
---------------------------+-------+-------++-------
  Melee: War axe           |    51 |    79 ||   130
         Headbutt          |     7 |    14 ||    21
    Use: Potion            |       |     1 ||     1
 Armour: Scale mail        |    33 |    41 ||    74
         Chain mail        |       |     5 ||     5
  Dodge: Dodged            |    22 |    33 ||    55
  Block: Buckler           |     9 |    11 ||    20

Table legend: (Time is in decaauts)
 A = Elapsed time spent in this place.
 B = Non-inter-level travel time spent in this place.
 C = Inter-level travel time spent in this place.
 D = Time resting spent in this place.
 E = Time spent auto-exploring this place.
 F = Levels seen in this place.
 G = Mean time per level.
                   A        B        C        D        E       F      G
               +--------+--------+--------+--------+--------+-----+--------+
         Total |   2417 |   2414 |      3 |    170 |   1095 |   3 |  805.7 |
       Dungeon |   2417 |   2414 |      3 |    170 |   1095 |   3 |  805.7 |
               +--------+--------+--------+--------+--------+-----+--------+

Top non-repeatable levels by time:
     D:2: 878 daAuts
     D:1: 811 daAuts
     D:3: 726 daAuts
